 Dungeon Crawl Stone Soup version 0.31.0-11-ge490571c62 (webtiles) character file.

Game seed: 9644584678241414358

442 Fodor the Chopper (level 6, 0/56 HPs)
             Began as a Minotaur Fighter on Feb 2, 2024.
             Was an Initiate of Gozag.
             Slain by Pikel
             ... wielding a +2 whip of freezing
              (3 damage)
             ... on level 4 of the Dungeon on Feb 4, 2024.
             The game lasted 00:15:30 (2208 turns).

Fodor the Chopper (Minotaur Fighter)                Turns: 2208, Time: 00:15:30

Health: 0/56       AC:  7    Str: 23    XL:     6   Next: 71%
Magic:  5/5        EV: 10    Int: 11    God:    Gozag
Gold:   135        SH:  5    Dex: 15    Spells: 5/5 levels left

rFire   . . .        a - +0 war axe
rCold   . . .        c - +0 buckler
rNeg    . . .        b - +0 scale mail
rPois   .            (helmet restricted)
rElec   .            e - scarf {repulsion}
rCorr   .            (no gloves)
SInv    .            (no boots)
Will    .....        (no amulet) Stlth
                     h - +6 ring of intelligence
HPRegen 0.29/turn    g - +6 ring of dexterity
MPRegen 0.09/turn

%: repel missiles
@: about to teleport
A: horns 2, retaliatory headbutt
a: Renounce Religion, Potion Petition, Call Merchant, Bribe Branch


You were on level 4 of the Dungeon.
You worshipped Gozag.
Gozag was aware of your devotion.
You visited 2 branches of the dungeon, and saw 5 of its levels.

You collected 244 gold pieces.
You spent 27 gold pieces at shops.
You paid 82 gold pieces to Gozag.

Inventory:

Hand Weapons
 a - a +0 war axe (weapon)
Armour
 b - a +0 scale mail (worn)
 c - a +0 buckler (worn)
 e - a scarf of repulsion (worn)
Jewellery
 g - a +6 ring of dexterity (right hand)
 h - a +6 ring of intelligence (left hand)
 l - a ring of protection from fire
Wands
 m - a wand of paralysis (14)
 o - a wand of roots (8)
Scrolls
 i - a scroll of teleportation
 p - a scroll of amnesia {unknown}
 t - 3 scrolls of enchant weapon
 u - a scroll of fog {unknown}
 v - a scroll of noise {unknown}
Potions
 d - a potion of might
 f - a potion of attraction {unknown}
 j - 2 potions of curing
 k - a potion of experience {unknown}
 n - 2 potions of brilliance {unknown}
 q - 2 potions of invisibility {unknown}
 r - a potion of lignification {unknown}
 s - 2 potions of degeneration {unknown}


   Skills:
 + Level 5.4 Fighting
 + Level 5.6 Axes
 + Level 5.0 Armour
 + Level 2.2 Dodging
 + Level 0.2 Stealth
 + Level 4.4 Shields


You had 5 spell levels left.
You didn't know any spells.
Your spell library contained the following spells:

 Spells                   Type           Power      Damage    Failure   Level
 Ensorcelled Hibernation  Hex/Ice        0%         N/A       83%         2
 Passwall                 Erth           0%         N/A       97%         3
 Swiftness                Air            0%         N/A       97%         3


Dungeon Overview and Level Annotations

Branches:
Dungeon (4/15)             Temple (1/1) D:4

Altars:
Ashenzari
Cheibriados
Dithmenos
Elyvilon
Fedhas
Gozag
Hepliaklqana
Makhleb
Okawaru
Qazlal
Ru
Sif Muna
Trog
Uskayaw
Vehumet
Wu Jian
Xom
Yredelemnul
Zin
The Shining One

Shops:
D:2 *

Annotations:
D:3 4 runed translucent doors, Crazy Yiuf; Vadun's ghost, weakling TeGl; middlethird's ghost, weakling VSCj
D:4 Pikel


Innate Abilities, Weirdness & Mutations

You have a pair of horns on your head.
You reflexively headbutt those who attack you in melee.


Message History

That felt strangely unrewarding.
You hit the lemure. The lemure hits you but does no damage.
You block Pikel's attack. The lemure hits you but does no damage.
You closely miss Pikel. You headbutt Pikel.
Pikel is moderately wounded.
You slash the lemure! You hit the lemure. You block the lemure's attack.
The lemure hits you but does no damage.
Pikel hits you with a +2 whip of freezing.
Pikel freezes you. The lemure barely misses you. You block the lemure's attack.
Pikel zaps a wand.
The roots erupt in riotous growth!
The grasping roots grab you!
The lemure is unaffected.
Pikel is unaffected.
The lemure is unaffected.
The grasping roots constrict you.
You hear a bark! x2; You hear a shout!
You slash Pikel!
Pikel is heavily wounded.
You hit the lemure. You barely miss the lemure.
Pikel hits you with a +2 whip of freezing!
Pikel freezes you. The grasping roots constrict you!
* * * LOW HITPOINT WARNING * * *
The lemure hits you but does no damage.
As you read the scroll of teleportation, it crumbles to dust.
You feel strangely unstable. The lemure hits you.
* * * LOW HITPOINT WARNING * * *
Pikel closely misses you. You furiously retaliate!
You headbutt Pikel! The grasping roots constrict you.
* * * LOW HITPOINT WARNING * * *
The lemure barely misses you. You furiously retaliate!
You headbutt the lemure!
The grasping roots release their grip on you.
It was a potion of curing.
You feel better.
A jackal comes into view.
The lemure hits you.
* * * LOW HITPOINT WARNING * * *
The lemure hits you but does no damage.
Pikel hits you with a +2 whip of freezing.
* * * LOW HITPOINT WARNING * * *
Pikel freezes you.
You die...
Pikel says, "Another soul for the market."
Your body crumbles into a pile of gold.

.......# ........#
........# ........#
### ...5...#######
..# ............ ..#
#.#K5....#
..############..@5.#
..........##...5..##
.............##.#<#
..................#
..........######..h.
..........# .###.#
#####.##..# .# .
#..#..## .# #.#..#.
##


You could see Pikel, 3 lemures and a jackal.

Vanquished Creatures
  Duvessa (D:4)
  A lemure (D:4)
  Dowan (D:4)
  A bombardier beetle (D:3)
  An orc priest (D:3)
  Ijyb (D:3)
  An iguana (D:3)
  2 orc wizards (D:4)
  5 adders
  3 ribbon worms
  2 dart slugs
  5 orcs
  5 endoplasms
  3 giant cockroaches (D:2)
  4 goblins
  4 hobgoblins
  4 jackals (D:3)
  6 kobolds
  3 quokkas
  3 ball pythons
  3 bats
  A frilled lizard (D:2)
  4 rats
64 creatures vanquished.

Notes
Turn   | Place    | Note
-------+----------+-------------------------------------------
     0 | D:1      | Fodor the Minotaur Fighter began the quest for the Orb.
     0 | D:1      | Reached XP level 1. HP: 19/19 MP: 0/0
   169 | D:1      | Reached XP level 2. HP: 22/27 MP: 1/1
   431 | D:2      | Reached XP level 3. HP: 33/33 MP: 2/2
   813 | D:2      | Found Inap's Assorted Antiques.
   818 | D:2      | Bought a scroll labelled MIYNEA JUEXZO for 27 gold pieces
   951 | D:3      | Noticed Ijyb
   952 | D:3      | Reached XP level 4. HP: 41/41 MP: 3/3
   957 | D:3      | Paralysed by Ijyb for 2 turns
   968 | D:3      | Killed Ijyb
  1086 | D:3      | Reached skill level 5 in Fighting
  1086 | D:3      | Reached skill level 1 in Dodging
  1086 | D:3      | Reached XP level 5. HP: 46/48 MP: 4/4
  1151 | D:3      | Found an ornate altar of the Wu Jian Council.
  1279 | D:3      | Found a radiant altar of Vehumet.
  1279 | D:3      | Found a broken altar of Ashenzari.
  1279 | D:3      | Found a sacrificial altar of Ru.
  1280 | D:3      | Found a blossoming altar of Fedhas.
  1280 | D:3      | Found a snail-covered altar of Cheibriados.
  1281 | D:3      | Found a burning altar of Makhleb.
  1281 | D:3      | Found a glowing silver altar of Zin.
  1281 | D:3      | Found a hazy altar of Hepliaklqana.
  1287 | D:3      | Found a glowing golden altar of the Shining One.
  1287 | D:3      | Found a basalt altar of Yredelemnul.
  1287 | D:3      | Found a shadowy altar of Dithmenos.
  1297 | D:3      | Found a runed translucent gate.
  1297 | D:3      | You fall into a shaft and drop 1 floor!
  1475 | D:3      | Found a runed translucent gate.
  1487 | D:3      | Found a runed translucent gate.
  1501 | D:3      | Noticed middlethird's ghost (weakling VSCj)
  1502 | D:3      | Noticed Vadun's ghost (weakling TeGl)
  1582 | D:3      | Found a runed translucent door.
  1583 | D:3      | Noticed Crazy Yiuf
  1704 | D:4      | Found a staircase to the Ecumenical Temple.
  1705 | D:4      | Noticed Dowan
  1705 | D:4      | Noticed Duvessa
  1732 | D:4      | Killed Duvessa
  1733 | D:4      | Reached skill level 5 in Axes
  1733 | D:4      | Reached XP level 6. HP: 11/56 MP: 5/5
  1739 | Temple   | Entered the Ecumenical Temple
  1949 | Temple   | Became a worshipper of Gozag Ym Sagoz the Greedy
  2048 | D:4      | Killed Dowan
  2049 | D:4      | Reached skill level 5 in Armour
  2196 | D:4      | Noticed Pikel
  2208 | D:4      | Slain by Pikel

Illustrated notes

Levels and vault maps discovered:
D:1:      eino_arrival_water_star, layout_rooms
D:2:      layout_rooms, serial_shops, shop, kennysheep_generic_room_6
D:3:      layout_rooms, nicolae_overflows_in_rows, gammafunk_ghost_cemetery,
          uniq_crazy_yiuf_cottage, uniq_ijyb
D:4:      kennysheep_goblin_castle, layout_rooms, minmay_temple_entry_glass,
          corexii_corridor_pit, hangedman_decor_push, uniq_pikel,
          uniq_blork_the_orc, uniq_duvessa
Temple:   pf_temple_reverse_labyrinth

Skill      XL: |  1  2  3  4  5  6 |
---------------+-------------------+-----
Fighting       | 4 5 |  5.4
Shields        | 4 |  4.4
Armour         | 4 5 |  5.0
Axes           | 3 5 |  5.6
Dodging        | 1 2 |  2.2
Stealth        | |  0.2

Action                     |  1- 3 |  4- 6 || total
---------------------------+-------+-------++-------
  Melee: War axe           |    48 |    93 ||   141
         Headbutt          |     8 |    16 ||    24
    Use: Scroll            |     2 |     3 ||     5
         Potion            |       |     1 ||     1
 Armour: Scale mail        |    27 |   106 ||   133
  Dodge: Dodged            |    42 |    51 ||    93
         Repelled          |       |     9 ||     9
  Block: Buckler           |     9 |    17 ||    26
